Match 42512096
Unlisted

Match 42512096
End
Kettenkrad Recon Vehicle
Construct Infanterie Kompanie
MG 42 Machine Gun Team
Selects Terror Battlegroup
Selects Machine Gun Camouflage
MG 42 Machine Gun Team
MG 42 Machine Gun Team
Pioneer Squad
Construct Panzergrenadier Kompanie
Pak 40 Anti-tank Gun Team
Medical Bunker
Pioneer Squad
Construct Panzer Kompanie
Stoßtruppen Squad
Stoßtruppen Squad
Selects Defend the Fatherland
Panzer IV Medium Tank
Stoßtruppen Squad
Selects King Tiger Heavy Tank
King Tiger Heavy Tank
Panzer IV Medium Tank
Marci.
Clemares
qZeto
BIOHAZARD
0
0

Comments sign in to comment!

No comments posted yet!